[Event "Titled Tuesday Blitz September 27 Late 2022"]
[White "Harvey, Marcus R"]
[Black "Bodnar, Nikolay"]
[WhiteFideId "400092"]
[BlackFideId "14106469"]
[WhiteElo "2485"]
[BlackElo "2283"]
[Result "1-0"]
[Round "02"]
[TimeControl "180+1"]
[Date "2022.09.28"]
[WhiteClock "0:00:06"]
[BlackClock "0:00:06"]

1. Nf3 d5 2. g3 Bg4 3. Bg2 Nd7 4. O-O c6 5. c4 Bxf3 6. Bxf3 Ne5 7. Qb3 Nxf3+ 8. Qxf3 dxc4 9. Na3 Qd5 10. Qxd5 cxd5 11. b3 Rc8 12. bxc4 dxc4 13. Rb1 b6 14. Nb5 e6 15. Nxa7 Ra8 16. Nb5 Rxa2 17. Nc3 Ra6 18. Bb2 Bb4 19. Ra1 Rxa1 20. Rxa1 Ba5 21. Ne4 Nf6 22. Nd6+ Ke7 23. Nxc4 Rd8 24. Nxa5 bxa5 25. Bc3 Ne4 26. Bxa5 Rb8 27. d3 Nf6 28. Bc3 Rb7 29. Kg2 g6 30. Bxf6+ Kxf6 31. Kf3 Rb2 32. Ra4 h5 33. h4 Rc2 34. e3 Rb2 35. d4 Rc2 36. Ra3 Rb2 37. Ra1 Rd2 38. Re1 Ra2 39. Re2 Ra3 40. Rd2 Ra5 41. Ke4 Ra1 42. Rb2 Ra4 43. Rb6 Ra2 44. f4 Kg7 45. Rb3 Rg2 46. Kf3 Ra2 47. Rd3 Ra5 48. e4 Kf6 49. d5 exd5 50. Rxd5 Ra3+ 51. Kf2 Ra4 52. Ke3 Ra3+ 53. Rd3 Ra1 54. Kf3 Ra2 55. Rd6+ Kg7 56. e5 Ra3+ 57. Kf2 Ra2+ 58. Ke3 Rg2 59. Kf3 Ra2 60. Rd7 Ra3+ 61. Kf2 Ra2+ 62. Ke3 Ra3+ 63. Rd3 Ra6 64. Ke4 Ra5 65. Rd7 Ra6 66. Rd4 Ra1 67. Rd3 Rg1 68. Re3 Ra1 69. Rd3 Ra4+ 70. Kf3 Rb4 71. Re3 Ra4 72. Re2 Ra3+ 73. Re3 Ra6 74. Ke4 Ra5 75. Kd4 Kf8 76. e6 f6 77. e7+ Ke8 78. Re6 Ra3 79. Rxf6 Rxg3 80. Re6 Rg1 81. Ke5 Rf1 82. Rxg6 Kxe7 83. Rg7+ Kf8 84. Rh7 Re1+ 85. Kf5 Rf1 86. Rxh5 Kg7 87. Rg5+ Kf7 88. Rg3 Rh1 89. Kg5 Ra1 90. f5 Rf1 91. Rg4 Rh1 92. h5 Rh2 93. h6 Rh1 94. Rh4 Rg1+ 95. Kf4 Kg8 96. h7+ Kh8 97. Ke5 Rg7 98. f6 Rg5+ 99. Ke6 Re5+ 100. Kf7 Rh5 101. Rg4 Rg5 102. Rxg5 1-0


[Site "https://www.chess.com"]

[Event "Titled Tuesday Blitz September 27 Late 2022"]
[White "Ibarra Jerez, Jose Carlos"]
[Black "Adewumi, Tanitoluwa"]
[WhiteFideId "2226332"]
[BlackFideId "30966396"]
[WhiteElo "2627"]
[BlackElo "2577"]
[Result "0-1"]
[Round "02"]
[TimeControl "180+1"]
[Date "2022.09.27"]
[WhiteClock "0:00:03"]
[BlackClock "0:00:04"]

1. e4 c5 2. Nc3 Nc6 3. Nf3 e6 4. d4 cxd4 5. Nxd4 Qc7 6. g4 a6 7. g5 b5 8. Nxc6 Qxc6 9. Be3 b4 10. Ne2 Qxe4 11. Rg1 Qc6 12. Nd4 Qc7 13. Qh5 Ne7 14. O-O-O Bb7 15. Kb1 g6 16. Qh4 Bg7 17. Rg3 Rc8 18. Bd3 Nd5 19. Bc1 Qb6 20. Bf1 Rc7 21. Ka1 Bxd4 22. Rxd4 Rxc2 23. Kb1 Rxf2 24. Bc4 Qc5 25. Rgd3 Rf1 26. Rd1 Rxd1 27. Rxd1 O-O 28. Rd3 Rc8 29. b3 Nc3+ 30. Kb2 d5 31. Rh3 Nd1+ 32. Kc2 Qf2+ 33. Kxd1 Qxh4 34. Rxh4 dxc4 35. bxc4 h5 36. gxh6 f6 37. Rd4 Bc6 38. Rd6 Ba4+ 39. Kd2 Rxc4 40. Rxe6 Rc2+ 41. Ke3 Rxc1 42. Rxa6 Bb5 43. Rxf6 Kh7 44. Rb6 Rc5 45. Kd4 Rf5 46. Rb7+ Kxh6 47. Ke4 Bc6+ 0-1


[Site "https://www.chess.com"]

[Event "Titled Tuesday Blitz September 27 Late 2022"]
[White "Koellner, Ruben Gideon"]
[Black "Bortnyk, Mykola"]
[WhiteFideId "12993093"]
[BlackFideId "14120836"]
[WhiteElo "2286"]
[BlackElo "2582"]
[Result "0-1"]
[Round "02"]
[TimeControl "180+1"]
[Date "2022.09.27"]
[WhiteClock "0:00:03"]
[BlackClock "0:01:13"]

1. d4 Nf6 2. Bg5 d5 3. e3 Bf5 4. Bxf6 gxf6 5. c4 c6 6. Nc3 e6 7. Bd3 Bxd3 8. Qxd3 Qb6 9. Nge2 Qxb2 10. Rb1 Qa3 11. cxd5 cxd5 12. Rxb7 Nd7 13. Qb5 Qd6 14. O-O Be7 15. Qa4 Rc8 16. Nb5 Qc6 17. Qxa7 O-O 18. g3 Ra8 19. Rxd7 Rxa7 20. Rxa7 Qxb5 21. Nf4 Re8 22. Nh5 Qe2 23. Nf4 Qf3 24. Rc1 Bd6 25. Ra6 Bxf4 26. gxf4 Rb8 27. Rac6 Rb2 28. Rc8+ Kg7 29. R8c2 Rxc2 30. Rxc2 Qd1+ 0-1


[Site "https://www.chess.com"]

[Event "Titled Tuesday Blitz September 27 Late 2022"]
[White "Kollars, Dmitrij"]
[Black "Machidon, Cristi"]
[WhiteFideId "12909572"]
[BlackFideId "13904590"]
[WhiteElo "2584"]
[BlackElo "2312"]
[Result "1-0"]
[Round "02"]
[TimeControl "180+1"]
[Date "2022.09.27"]
[WhiteClock "0:01:09"]
[BlackClock "0:00:15"]

1. Nf3 d5 2. g3 c6 3. Bg2 Bf5 4. O-O e6 5. c4 h6 6. Qb3 Qb6 7. d3 Nd7 8. Be3 Bc5 9. Bxc5 Nxc5 10. Qa3 a5 11. Nbd2 Nf6 12. Rfc1 Nfd7 13. d4 Ne4 14. e3 Qb4 15. Nxe4 Bxe4 16. Ne1 Bxg2 17. Qxb4 axb4 18. Kxg2 Nb8 19. Nd3 Na6 20. Kf3 Ke7 21. Ke2 Rhd8 22. c5 g5 23. Kd2 Kf6 24. g4 h5 25. h3 Rh8 26. Rh1 Rh7 27. h4 Rah8 28. hxg5+ Kxg5 29. gxh5 Rxh5 30. Rag1+ Kf6 31. Rxh5 Rxh5 32. Rg8 Nc7 33. Rb8 Ke7 34. Rxb7 Kd8 35. Ne5 1-0


[Site "https://www.chess.com"]

[Event "Titled Tuesday Blitz September 27 Late 2022"]
[White "Kravtsiv, Martyn"]
[Black "Badelka, Olga"]
[WhiteFideId "14113147"]
[BlackFideId "13509926"]
[WhiteElo "2694"]
[BlackElo "2165"]
[Result "1-0"]
[Round "02"]
[TimeControl "180+1"]
[Date "2022.09.28"]
[WhiteClock "0:00:03"]
[BlackClock "0:00:03"]

1. e4 e5 2. Nf3 Nc6 3. Nc3 Nf6 4. a4 d5 5. exd5 Nxd5 6. Bb5 Nxc3 7. bxc3 Bd6 8. O-O O-O 9. d4 exd4 10. cxd4 Bg4 11. c3 Qf6 12. a5 a6 13. Bd3 Bf5 14. Be3 Bxd3 15. Qxd3 Rab8 16. h3 h6 17. c4 Rfd8 18. Qb3 Bf4 19. Rfe1 Qf5 20. Qc3 Bd6 21. Reb1 Be7 22. d5 Bf6 23. Nd4 Nxd4 24. Bxd4 Bxd4 25. Qxd4 c6 26. Rd1 cxd5 27. cxd5 Rd6 28. Rac1 Rbd8 29. Rc5 Qf6 30. Qe4 Kf8 31. Rc7 Qg6 32. Qb4 Qf6 33. Rxb7 Kg8 34. Rb6 Qe5 35. Qc4 Rxd5 36. Rxd5 Rxd5 37. g3 Rd1+ 38. Kg2 Rd2 39. Rxa6 Re2 40. Ra8+ Kh7 41. Qd3+ g6 42. Qf3 Ra2 43. Qxf7+ Qg7 44. Qxa2 1-0


[Site "https://www.chess.com"]

[Event "Titled Tuesday Blitz September 27 Late 2022"]
[White "Lazavik, Denis"]
[Black "Levitskiy, Andrey"]
[WhiteFideId "13515110"]
[BlackFideId "14132885"]
[WhiteElo "2437"]
[BlackElo "2303"]
[Result "1-0"]
[Round "02"]
[TimeControl "180+1"]
[Date "2022.09.27"]
[WhiteClock "0:00:43"]
[BlackClock "0:00:01"]

1. d4 Nf6 2. c4 e6 3. Nc3 Bb4 4. e3 O-O 5. Bd3 d5 6. cxd5 exd5 7. a3 Be7 8. Nge2 Re8 9. O-O c6 10. f3 c5 11. Kh1 Nc6 12. Bd2 Bf8 13. Rc1 b6 14. dxc5 bxc5 15. Na4 c4 16. Bb1 Rb8 17. Nf4 Ne5 18. Bc3 Bb7 19. Bd4 Qa5 20. Nc3 Bc5 21. Qd2 Bxd4 22. exd4 Ng6 23. Bxg6 hxg6 24. Rfe1 Bc6 25. Re5 Qb6 26. Rb1 Qc7 27. Rbe1 Red8 28. h4 Qb6 29. R1e2 Rb7 30. h5 gxh5 31. Nxh5 Nxh5 32. Rxh5 Rd6 33. Qf4 Qd8 34. Qh2 Rh6 35. Rxh6 gxh6 36. Qxh6 Qc8 37. Re5 1-0


[Site "https://www.chess.com"]

[Event "Titled Tuesday Blitz September 27 Late 2022"]
[White "Leitao, Rafael"]
[Black "Federzoni, Enzo"]
[WhiteFideId "2101246"]
[BlackFideId "2173301"]
[WhiteElo "2609"]
[BlackElo "1949"]
[Result "1/2-1/2"]
[Round "02"]
[TimeControl "180+1"]
[Date "2022.09.28"]
[WhiteClock "0:00:11"]
[BlackClock "0:00:06"]

1. c4 g6 2. g3 Bg7 3. Bg2 c5 4. Nf3 Nc6 5. Nc3 e6 6. O-O Nge7 7. d3 O-O 8. a3 d5 9. Rb1 b6 10. Bd2 Bb7 11. b4 Qd7 12. bxc5 bxc5 13. Na4 Rab8 14. Nxc5 Qc7 15. cxd5 Nxd5 16. Nxb7 Rxb7 17. Qc2 Rfb8 18. Rfc1 Rxb1 19. Rxb1 Rxb1+ 20. Qxb1 Qb6 21. Qxb6 axb6 22. Ne1 Nd4 23. Bxd5 exd5 24. Kf1 b5 25. Bb4 f5 26. e3 Nc6 27. Nc2 Kf7 28. Ke2 Ke6 29. Bc5 h5 30. h4 Bf6 31. f4 Bd8 32. Kf3 Ba5 33. Bb4 Bb6 34. e4 Nd4+ 35. Nxd4+ Bxd4 36. Bd2 Bc5 37. Bc1 Bd4 38. Be3 Bb2 39. Bc5 Bc3 40. e5 Ba5 41. Ke2 Bc3 42. Kd1 Ba5 43. Bf2 Bc3 44. Be1 Bd4 45. Kc2 Kd7 46. Kb3 Bc5 47. d4 Be7 48. Bb4 Bd8 49. Bd6 Ba5 50. Bb4 Bb6 51. Bd2 Bxd4 52. Kb4 Bf2 53. Kxb5 Bxg3 54. a4 Bxh4 55. Be3 Be1 56. a5 Bxa5 57. Kxa5 Ke6 58. Kb5 h4 59. Kc5 g5 60. fxg5 Kxe5 61. Bd4+ Ke6 62. Be3 Kf7 63. Bf4 Kg6 64. Kd4 h3 65. Ke3 h2 66. Bxh2 Kxg5 67. Be5 f4+ 68. Bxf4+ Kf5 69. Bc7 d4+ 70. Kxd4 1/2-1/2


[Site "https://www.chess.com"]

[Event "Titled Tuesday Blitz September 27 Late 2022"]
[White "Leiva, Gianmarco"]
[Black "Wachinger, Guenther"]
[WhiteFideId "3804399"]
[BlackFideId "4604261"]
[WhiteElo "2323"]
[BlackElo "2212"]
[Result "0-1"]
[Round "02"]
[TimeControl "180+1"]
[Date "2022.09.28"]
[WhiteClock "0:01:27"]
[BlackClock "0:00:08"]

1. e4 c5 2. Nf3 d6 3. Bc4 e6 4. O-O Nc6 5. d3 Nf6 6. Re1 Be7 7. c3 Rb8 8. a4 a6 9. Nbd2 b5 10. axb5 axb5 11. Bb3 O-O 12. Nf1 Bb7 13. Ng3 Ra8 14. Be3 Rxa1 15. Qxa1 Qa8 16. h3 Nd7 17. Nd2 Qxa1 18. Rxa1 Ra8 19. Rxa8+ Bxa8 20. f4 Kf8 21. Kf2 g6 22. Ne2 Bf6 23. g4 Bd8 24. Nf3 Ne7 25. Ng3 d5 26. Ke2 c4 27. Bc2 dxe4 28. dxe4 Nc6 29. e5 Bb6 30. Bxb6 Nxb6 31. Ke3 Nd5+ 32. Ke4 Ke7 33. Ne2 Ncb4 34. Nfd4 Nxc2 35. Nxc2 Nb4+ 36. Kd4 Nxc2+ 37. Kc5 Ne3 38. Kxb5 Bg2 39. Ng1 h5 40. gxh5 gxh5 41. Kc5 Bf1 42. Kd4 Nf5+ 43. Ke4 Kd7 44. Kf3 Kc6 45. Kf2 Bd3 46. Nf3 Be4 47. Ng5 Bd5 48. Nxf7 Kb5 49. Ke2 Ka4 50. Kd2 Kb3 51. Kc1 h4 52. Ng5 Ka4 53. Kd2 Kb5 54. Nh7 Kc5 55. Ke2 Kc6 56. Kf2 Kd7 57. Nf6+ Ke7 58. Ng4 Kf7 59. Nh2 Kg6 60. Nf1 Ne7 61. Ne3 Nc6 62. Ke2 Ne7 63. Kf2 Nf5 64. Nc2 Ng7 65. Ne3 Ne8 66. f5+ Kf7 67. f6 Nc7 68. Ng4 Na6 69. Ke3 Nc5 70. Kf4 Nd3+ 71. Kg5 Nxb2 72. Nh6+ Kf8 73. f7 Nd3 74. Ng4 Nc5 75. Kf6 Nd7+ 76. Kg5 Kxf7 77. Kxh4 Kg6 78. Kg3 Kf5 79. Ne3+ Kxe5 80. Nc2 Ke4 81. Nb4 Ke3 82. h4 Nf6 83. Na2 Kd3 84. Kf4 Kc2 85. h5 Nxh5+ 86. Ke5 Ng3 87. Kd4 Ne2+ 88. Ke3 Nxc3 89. Nb4+ Kb3 90. Na6 Nb5 91. Nc5+ Kb2 92. Kd2 c3+ 93. Ke2 c2 94. Nd3+ Kc3 95. Nc1 Nd4+ 96. Ke3 Nb3 97. Ne2+ Kb2 98. Nf4 c1=Q+ 99. Kd3 Qc3+ 100. Ke2 Qc2+ 101. Ke3 Nc5 102. Kd4 Qe4+ 103. Kxc5 Qc4+ 0-1


[Site "https://www.chess.com"]

[Event "Titled Tuesday Blitz September 27 Late 2022"]
[White "Lenderman, Aleksandr"]
[Black "Navarrete Mendez, Gonzalo Alberto"]
[WhiteFideId "2021285"]
[BlackFideId "5106850"]
[WhiteElo "2607"]
[BlackElo "2261"]
[Result "0-1"]
[Round "02"]
[TimeControl "180+1"]
[Date "2022.09.27"]
[WhiteClock "0:02:12"]
[BlackClock "0:01:28"]

1. e4 e5 2. Nf3 Nc6 3. Nc3 Nf6 4. d4 exd4 5. Nxd4 Bb4 6. Nxc6 bxc6 7. Bd3 d5 8. exd5 O-O 9. O-O cxd5 10. Qf3 Be6 11. h3 c5 12. Ne2 c4 13. Bf5 Qd7 14. Nd4 Bc5 15. Be3 Bb6 16. Rad1 Rae8 17. c3 Bxd4 18. Bxe6 fxe6 19. Bxd4 Ne4 20. Qe3 e5 21. Bxa7 Rf7 22. Bb6 Re6 23. a4 Rg6 24. a5 Ng5 25. Kh1 Rf3 26. Qxe5 Rxh3+ 27. gxh3 Qxh3+ 28. Qh2 Qf3+ 29. Qg2 Rh6+ 30. Kg1 Nh3+ 31. Qxh3 Rxh3 32. Bc7 Rh1# 0-1


[Site "https://www.chess.com"]

[Event "Titled Tuesday Blitz September 27 Late 2022"]
[White "Makarian, Rudik"]
[Black "Nozdrachev, Leonid"]
[WhiteFideId "44105681"]
[BlackFideId "24113433"]
[WhiteElo "2410"]
[BlackElo "2196"]
[Result "1-0"]
[Round "02"]
[TimeControl "180+1"]
[Date "2022.09.27"]
[WhiteClock "0:01:37"]
[BlackClock "0:00:01"]

1. d3 e5 2. Nf3 Nc6 3. c4 Nf6 4. a3 a5 5. e4 Bc5 6. Be2 d6 7. Nc3 Bg4 8. Be3 Bxf3 9. Bxf3 Nd4 10. O-O O-O 11. Bg4 Nxg4 12. Qxg4 Nc2 13. Bg5 f6 14. Rac1 fxg5 15. Rxc2 c6 16. g3 Qf6 17. Kg2 h6 18. Na4 Bd4 19. Nc3 Kh7 20. Ne2 Bc5 21. Ng1 a4 22. Nf3 Rae8 23. h4 gxh4 24. Nxh4 Qe6 25. Qxe6 Rxe6 26. f4 exf4 27. gxf4 g6 28. f5 gxf5 29. Nxf5 Ref6 30. Rf3 b6 31. Rd2 b5 32. cxb5 cxb5 33. Rc2 Rg8+ 34. Rg3 Rxg3+ 35. Kxg3 h5 36. Kf4 Bd4 37. Kg5 Be5 38. Rc7+ Kg8 39. d4 Bxd4 40. Nxd4 Rf2 41. Nf5 Rxb2 42. Nxd6 b4 43. axb4 Rxb4 44. Ra7 Kf8 45. e5 h4 46. e6 h3 47. e7+ 1-0


[Site "https://www.chess.com"]

[Event "Titled Tuesday Blitz September 27 Late 2022"]
[White "Martinez Alcantara, Jose Eduardo"]
[Black "Brodowski, Piotr"]
[WhiteFideId "3805662"]
[BlackFideId "1124480"]
[WhiteElo "2703"]
[BlackElo "2312"]
[Result "1-0"]
[Round "02"]
[TimeControl "180+1"]
[Date "2022.09.27"]
[WhiteClock "0:01:38"]
[BlackClock "0:00:02"]

1. e4 g6 2. d4 Bg7 3. c3 d6 4. Bd3 Nd7 5. Nf3 e5 6. O-O Ne7 7. Re1 O-O 8. Nbd2 Nc6 9. Nb3 h6 10. h3 a5 11. a4 exd4 12. cxd4 Nb4 13. Bb1 Re8 14. Be3 c6 15. Nbd2 Nf6 16. Ra3 b6 17. e5 Nfd5 18. Ne4 dxe5 19. dxe5 Ba6 20. Bd2 Qc7 21. Nd6 Re6 22. Qc1 Kh7 23. Nf5 gxf5 24. Bxf5+ Rg6 25. h4 Ne7 26. Be4 Kg8 27. Bxg6 fxg6 28. Bxh6 Nd3 29. Rxd3 Bxd3 30. Bxg7 Kxg7 31. Qc3 Bf5 32. e6+ Kg8 33. Ng5 Nd5 34. Qc4 Qf4 35. Qxc6 Rd8 36. e7 Nxe7 37. Qf6 Qxh4 38. Qf7+ Kh8 39. Qxe7 1-0


[Site "https://www.chess.com"]

[Event "Titled Tuesday Blitz September 27 Late 2022"]
[White "Naroditsky, Daniel"]
[Black "Lewtak, Damian"]
[WhiteFideId "2026961"]
[BlackFideId "1141724"]
[WhiteElo "2628"]
[BlackElo "2329"]
[Result "1/2-1/2"]
[Round "02"]
[TimeControl "180+1"]
[Date "2022.09.27"]
[WhiteClock "0:00:10"]
[BlackClock "0:00:09"]

1. e4 c5 2. Nf3 d6 3. Bb5+ Bd7 4. c4 Bxb5 5. cxb5 a6 6. bxa6 Rxa6 7. Nc3 g6 8. O-O Bg7 9. d4 cxd4 10. Nxd4 Nc6 11. Be3 Nf6 12. Qe2 O-O 13. Nxc6 Rxc6 14. Bd4 Qa5 15. Rfd1 Rfc8 16. h3 e6 17. Rd3 Nh5 18. Qf3 Bxd4 19. Rxd4 Kg7 20. Rad1 Qb6 21. R1d2 Nf6 22. a3 Nd7 23. Rb4 Qa6 24. Qe2 Qxe2 25. Rxe2 b6 26. f4 Kf8 27. Kf2 Rc4 28. Rxc4 Rxc4 29. Ke3 Ke7 30. Kd3 Rc6 31. b4 Rc8 32. a4 h5 33. g3 f6 34. Ra2 g5 35. h4 gxh4 36. gxh4 Rg8 37. a5 Rg3+ 38. Kc4 bxa5 39. bxa5 Rg4 40. Kb5 Nb8 41. a6 Nxa6 42. Rxa6 Rxf4 43. Ra7+ Kf8 44. Kc6 f5 45. Kxd6 fxe4 46. Ke5 Rxh4 47. Nxe4 Rh1 48. Ng5 Rf1 49. Nxe6+ Ke8 50. Nf4 Kd8 51. Kd6 Rd1+ 52. Nd5 Ke8 53. Rh7 Kf8 54. Ke6 Re1+ 55. Kf5 Rf1+ 56. Nf4 Ke8 57. Ke6 Re1+ 58. Kd6 Rd1+ 59. Nd5 Rd2 60. Rxh5 Rd1 61. Rh2 Kf8 62. Ke6 Re1+ 63. Kf5 Rf1+ 64. Nf4 Ke7 65. Rd2 Ke8 66. Ke5 Ke7 67. Re2 Kf7 68. Nd5 Kf8 69. Ne3 Rf3 70. Nf5 Kf7 71. Ra2 Rf1 72. Ra7+ Kf8 73. Ke6 Re1+ 74. Kf6 Ke8 75. Nd4 Rf1+ 76. Ke6 Re1+ 77. Kd6 Kf8 78. Ne6+ Kg8 79. Ke7 Rf1 80. Ra2 Kh7 81. Rg2 Ra1 82. Ng5+ Kg6 83. Nf3+ Kf5 84. Nd4+ Ke4 85. Rg4+ Ke5 86. Rh4 Kd5 87. Kd7 Ra7+ 88. Kc8 Rg7 89. Nf5 Rf7 90. Rh5 Ra7 91. Kb8 Ra1 92. Ne3+ Ke6 93. Rh6+ Ke5 94. Kc7 Rc1+ 95. Kb6 Rb1+ 96. Kc5 Ra1 97. Rh5+ Ke6 98. Kd4 Ke7 99. Ke5 Re1 100. Ke4 Ke6 101. Kd4 Kd6 102. Rd5+ Ke6 103. Re5+ Kf7 104. Re4 Ra1 105. Nc4 Rd1+ 106. Ke5 Rf1 107. Rh4 Re1+ 108. Kd4 Rf1 109. Ke5 Re1+ 110. Ne3 1/2-1/2


[Site "https://www.chess.com"]

[Event "Titled Tuesday Blitz September 27 Late 2022"]
[White "Nazari, Arad"]
[Black "Namitbir Singh Walia"]
[WhiteFideId "12577324"]
[BlackFideId "35071068"]
[WhiteElo "2129"]
[BlackElo "1664"]
[Result "0-1"]
[Round "02"]
[TimeControl "180+1"]
[Date "2022.09.28"]
[WhiteClock "0:00:10"]
[BlackClock "0:00:07"]

1. e4 c5 2. Nf3 Nc6 3. Bb5 g6 4. Bxc6 bxc6 5. O-O Bg7 6. Re1 e5 7. c3 Ne7 8. d4 cxd4 9. cxd4 d6 10. Bg5 Qc7 11. dxe5 dxe5 12. Qc1 O-O 13. Bh6 Bg4 14. Bxg7 Kxg7 15. Nbd2 Rfd8 16. h3 Bxf3 17. Nxf3 f6 18. Re3 Rd6 19. Qc5 Rad8 20. Kh2 Qb6 21. Qxb6 axb6 22. a4 Ra8 23. b4 Kf7 24. Rc3 Rd7 25. a5 Rda7 26. Rca3 c5 27. bxc5 bxa5 28. Ra4 Nc6 29. Nd2 Rd8 30. Nc4 Rd4 31. f3 Ke6 32. Kg3 h5 33. h4 f5 34. Nd6 f4+ 35. Kh2 Rxa4 36. Rxa4 Ra8 37. Nc4 Rb8 38. Nb6 Rd8 39. Nd5 Rb8 40. Ra3 Rb2 41. Kh3 Rb1 42. g3 fxg3 43. Kxg3 Rc1 44. Rb3 Rxc5 45. Rb6 Kd6 46. Ra6 Rc1 47. Ra8 Kc5 48. Kf2 Rc2+ 49. Kg3 Rc1 50. Kf2 Rc2+ 51. Ke3 Rh2 52. Rg8 Rxh4 53. Rxg6 Rh3 54. Re6 Rxf3+ 55. Kd2 Rh3 56. Nf6 Rh2+ 57. Kc3 Rh3+ 58. Kd2 a4 59. Nd7+ Kb5 60. Nxe5 Nxe5 61. Rxe5+ Kb4 62. Re8 a3 63. Rb8+ Kc5 64. Ra8 a2 65. Kc2 Rh1 66. Ra5+ Kd6 67. Rxa2 Rh2+ 68. Kb3 Rxa2 69. Kxa2 h4 0-1


[Site "https://www.chess.com"]

[Event "Titled Tuesday Blitz September 27 Late 2022"]
[White "Nogerbek, Kazybek"]
[Black "Noboa Silva, Kevin"]
[WhiteFideId "13710427"]
[BlackFideId "3618471"]
[WhiteElo "2458"]
[BlackElo "2172"]
[Result "1-0"]
[Round "02"]
[TimeControl "180+1"]
[Date "2022.09.27"]
[WhiteClock "0:00:24"]
[BlackClock "0:00:01"]

1. Nf3 Nf6 2. c4 c5 3. Nc3 b6 4. g3 Bb7 5. Bg2 e6 6. O-O Be7 7. d4 cxd4 8. Qxd4 d6 9. Rd1 a6 10. b3 Nbd7 11. e4 Qc7 12. Ba3 Nc5 13. e5 dxe5 14. Qxe5 Qxe5 15. Nxe5 Bxg2 16. Kxg2 Rc8 17. Bxc5 Bxc5 18. Na4 Ke7 19. a3 b5 20. Nxc5 Rxc5 21. Nd3 Rc7 22. c5 Nd5 23. b4 a5 24. bxa5 Ra8 25. a6 Rxa6 26. Nb4 Ra4 27. Nxd5+ exd5 28. Rxd5 b4 29. Re1+ Kf6 30. axb4 Rxb4 31. Rd6+ Kf5 32. Re3 f6 33. Rd5+ Kg6 34. Rc3 Rb5 35. Kf3 Kf7 36. Ke4 Ke6 37. Rd6+ Ke7 38. Kd5 Ra5 39. f4 g6 40. Rc6 Rd7+ 41. Kc4 Rb7 42. Re3+ Kf7 43. Ree6 f5 44. Rf6+ Kg7 45. Ra6 Rab5 46. Rfb6 R7xb6 47. Rxb6 Ra5 48. c6 Ra8 49. Kd5 Kf7 50. c7 1-0


[Site "https://www.chess.com"]

[Event "Titled Tuesday Blitz September 27 Late 2022"]
[White "Novikova, Galina"]
[Black "Salinas Herrera, Pablo"]
[WhiteFideId "4157095"]
[BlackFideId "3407128"]
[WhiteElo "1897"]
[BlackElo "2550"]
[Result "0-1"]
[Round "02"]
[TimeControl "180+1"]
[Date "2022.09.28"]
[WhiteClock "0:00:06"]
[BlackClock "0:00:07"]

1. e4 c5 2. Nf3 e6 3. b4 cxb4 4. a3 bxa3 5. Nxa3 a6 6. c3 d5 7. e5 Nc6 8. d4 Bd7 9. Bd3 f5 10. O-O Be7 11. c4 Nb4 12. Bb1 dxc4 13. Nxc4 Bc6 14. Nd6+ Bxd6 15. exd6 Qxd6 16. Ba3 Nf6 17. Bxf5 exf5 18. Qe1+ Qe7 19. Bxb4 Qxe1 20. Rfxe1+ Be4 21. Ne5 O-O-O 22. f3 Bd5 23. Reb1 Rhe8 24. Ba5 Rd6 25. Nd3 Bc6 26. Nc5 Rxd4 27. Rb6 Rc4 28. Nd3 Nd5 29. Rb2 Rd4 30. Nc5 Rc4 31. Nd3 g5 32. Bd2 f4 33. h3 Bb5 34. Nf2 Re2 35. Ne4 Rcxe4 36. fxe4 Rxe4 37. Rc1+ Bc6 38. Bc3 Rc4 39. Bd2 Re4 40. Bc3 h5 41. Bg7 g4 42. Rd2 Kd7 43. hxg4 hxg4 44. Rf1 Ke6 45. Bh6 Kf5 46. Rfd1 Ke5 47. Bg7+ Ke6 48. Bh6 Ne3 49. Re1 Kf5 50. g3 Nd5 51. Bxf4 Nxf4 52. gxf4 Kxf4 53. Rf2+ Ke5 54. Rd1 g3 55. Rf8 Rh4 56. Kf1 Rh1+ 57. Ke2 Rxd1 58. Kxd1 g2 59. Rg8 a5 60. Ke2 a4 61. Kf2 a3 62. Rg3 a2 63. Ra3 Bd5 64. Ra7 b5 65. Ra5 b4 66. Ra7 b3 67. Re7+ Kd4 68. Ra7 b2 0-1


[Site "https://www.chess.com"]

[Event "Titled Tuesday Blitz September 27 Late 2022"]
[White "Ozsakallioglu, Okan"]
[Black "Milikow, Yoav"]
[WhiteFideId "6367011"]
[BlackFideId "2822237"]
[WhiteElo "2060"]
[BlackElo "2341"]
[Result "1-0"]
[Round "02"]
[TimeControl "180+1"]
[Date "2022.09.28"]
[WhiteClock "0:00:20"]
[BlackClock "0:00:32"]

1. e4 e5 2. Nf3 Nc6 3. Bb5 Nf6 4. O-O Nxe4 5. Re1 Nd6 6. Nxe5 Be7 7. Bf1 Nxe5 8. Rxe5 O-O 9. d4 Bf6 10. Re1 Nf5 11. c3 d5 12. Bf4 c6 13. Bd3 Bg5 14. Bg3 Nxg3 15. hxg3 Re8 16. Nd2 Be6 17. Nf3 Bf6 18. Qc2 h6 19. Bf5 Bxf5 20. Qxf5 Qb6 21. b3 Qa5 22. Qd7 Reb8 23. Re3 Qd8 24. Qf5 Rc8 25. Rae1 Qd6 26. Ne5 Re8 27. Nd7 Be7 28. Nc5 b6 29. Qd7 Qf6 30. Rxe7 Rxe7 31. Qxe7 bxc5 32. Qxf6 gxf6 33. dxc5 Rd8 34. Re7 d4 35. cxd4 Rxd4 36. Rxa7 Rd1+ 37. Kh2 Rd2 38. f3 Rc2 39. b4 Rc4 40. Rb7 Kf8 41. a4 Ke8 42. a5 Kd8 43. a6 Kc8 44. Rxf7 Rxb4 45. Rxf6 Ra4 46. Rxc6+ Kd7 47. Rxh6 Ra5 48. Rd6+ Kc7 49. Rd5 Rxa6 50. Rh5 Rh6 51. Rxh6 1-0


[Site "https://www.chess.com"]

[Event "Titled Tuesday Blitz September 27 Late 2022"]
[White "Papasimakopoulos, Alexandros"]
[Black "Janaszak, Dawid"]
[WhiteFideId "4244125"]
[BlackFideId "1119206"]
[WhiteElo "2357"]
[BlackElo "2165"]
[Result "0-1"]
[Round "02"]
[TimeControl "180+1"]
[Date "2022.09.28"]
[WhiteClock "0:00:14"]
[BlackClock "0:00:11"]

1. d4 Nf6 2. c4 g6 3. Nc3 Bg7 4. e4 d6 5. f3 O-O 6. Nge2 c5 7. Be3 cxd4 8. Nxd4 Nc6 9. Be2 Bd7 10. O-O Nxd4 11. Bxd4 Bc6 12. Qd2 Nd7 13. Be3 a5 14. b3 Nc5 15. Rab1 Qb6 16. Kh1 Rfc8 17. Nb5 Qd8 18. Nd4 Qf8 19. Rfe1 h5 20. a3 b6 21. Bf1 Bd7 22. b4 axb4 23. axb4 Ne6 24. Nxe6 Bxe6 25. Bxb6 Bxc4 26. Bxc4 Rxc4 27. Bg1 Rac8 28. Rec1 Bc3 29. Qd5 Rxb4 30. Rxb4 Bxb4 31. Rb1 Bc5 32. e5 e6 33. Qd2 Bxg1 34. Rxg1 dxe5 35. Qg5 Qd6 36. h3 Qd4 37. Re1 Rc5 38. Qe7 Kg7 39. Rb1 Qc4 40. Qd6 Rd5 41. Qe7 Qf4 42. Qc7 g5 43. Qc2 Qf5 44. Qc1 Kg6 45. Qe1 g4 46. fxg4 hxg4 47. Rb3 Rd4 48. Rg3 Rf4 49. Qe2 Kf6 50. hxg4 Rf1+ 51. Kh2 Qf4 52. Qe3 Qxe3 53. Rxe3 Rf4 54. Kg3 Rd4 55. Rf3+ Ke7 56. g5 e4 57. Rf4 e5 58. Rf6 e3 59. Kf3 Rf4+ 60. Rxf4 exf4 61. g3 fxg3 62. Kxe3 Ke6 63. Kf3 Kf5 64. g6 Kxg6 65. Kxg3 Kg5 66. Kg2 Kg4 67. Kg1 Kg3 68. Kf1 Kf3 69. Kg1 f5 70. Kf1 f4 71. Kg1 Ke2 72. Kh2 f3 73. Kg3 f2 74. Kh2 f1=Q 75. Kg3 Qf8 76. Kh3 Kf3 77. Kh4 Qg7 78. Kh5 Kf4 79. Kh4 Qh7# 0-1


[Site "https://www.chess.com"]

[Event "Titled Tuesday Blitz September 27 Late 2022"]
[White "Pinero Rodriguez, Carlos Jose"]
[Black "Al-Tarboush, Ward"]
[WhiteFideId "3901726"]
[BlackFideId "7601450"]
[WhiteElo "2053"]
[BlackElo "2234"]
[Result "1-0"]
[Round "02"]
[TimeControl "180+1"]
[Date "2022.09.28"]
[WhiteClock "0:00:14"]
[BlackClock "0:00:10"]

1. e4 c5 2. Nf3 Nc6 3. Bb5 e6 4. O-O Nge7 5. c3 a6 6. Ba4 b5 7. Bc2 d5 8. exd5 Nxd5 9. d4 Be7 10. dxc5 Bxc5 11. Qe2 O-O 12. Rd1 Qb6 13. g3 Bb7 14. Nbd2 Nf6 15. a4 Rad8 16. axb5 axb5 17. b4 Be7 18. Ne4 Rxd1+ 19. Qxd1 Rd8 20. Qe2 Nd5 21. Bb2 h6 22. Rd1 Nf6 23. Bc1 Rxd1+ 24. Qxd1 Nxe4 25. Bxe4 f5 26. Bc2 Nd8 27. Nd4 Bf6 28. Be3 Bxd4 29. Qxd4 Qxd4 30. Bxd4 Nc6 31. Bc5 Ne5 32. Kf1 Bd5 33. h4 Bc4+ 34. Ke1 Kf7 35. Kd2 g5 36. hxg5 hxg5 37. Bd1 Kg6 38. Bd4 Nc6 39. Bc5 e5 40. Be2 Bxe2 41. Kxe2 e4 42. c4 bxc4 43. b5 Na5 44. Bb4 Nb7 45. Kd2 f4 46. g4 Kf6 47. Kc3 e3 48. f3 Ke5 49. Kxc4 Nd6+ 50. Kc5 Ke6 51. b6 Kd7 52. Kd5 Nb5 53. Ke5 Kc6 54. Kf5 Nd4+ 55. Kxg5 e2 56. Kxf4 Nc2 57. Bd2 e1=Q 58. Bxe1 Nxe1 59. g5 Ng2+ 60. Kf5 Kxb6 61. g6 Nh4+ 62. Kf6 Nxg6 63. Kxg6 Kc5 64. f4 Kd6 65. f5 Ke7 66. Kg7 Ke8 67. f6 Kd7 68. f7 Ke6 69. f8=Q Kd5 70. Qf6 Kc4 71. Kf7 Kb3 72. Ke7 Ka2 73. Qd6 Kb3 74. Qd4 Ka2 75. Qb6 1-0


[Site "https://www.chess.com"]